 Dungeon Crawl Stone Soup version 0.19.0-2-gae57169 (webtiles) character file.

73 Querens the Ruffian (level 4, -4/45 HPs)
             Began as a Troll Monk on Nov 3, 2016.
             Was a Believer of Okawaru.
             Killed from afar by Sigmund (10 damage)
             ... with a magic dart
             ... on level 3 of the Dungeon.
             The game lasted 00:03:31 (1301 turns).

Querens the Ruffian (Troll Monk)                    Turns: 1301, Time: 00:03:31

Health: -4/45      AC:  5    Str: 19    XL:     4   Next: 8%
Magic:  0/3        EV: 11    Int:  6    God:    Okawaru [**....]
Gold:   127        SH:  0    Dex: 13    Spells: 0 memorised, 3 levels left

rFire  . . .     SeeInvis .       - Unarmed
rCold  . . .     Gourm    +     a - +0 robe
rNeg   . . .     Faith    .     (no shield)
rPois  .         Spirit   +     (helmet restricted)
rElec  .         Reflect  .     (no cloak)
rCorr  .         Harm     .     (gloves unavailable)
MR     .....                    (boots unavailable)
Stlth  ++........               i - amulet of guardian spirit
                                (no ring)
                                (no ring)

@: no status effects
A: unfitting armour, claws 3, fast metabolism 3, gourmand, regeneration 1,
shaggy fur 1, tough skin 2
a: Heroism, Renounce Religion


You were on level 3 of the Dungeon.
You worshipped Okawaru.
Okawaru was pleased with you.
You were completely stuffed.

You visited 1 branch of the dungeon, and saw 3 of its levels.

You collected 127 gold pieces.

Inventory:

Armour
 a - a +0 robe (worn)
Jewellery
 i - an amulet of guardian spirit (around neck)
Scrolls
 g - 4 scrolls of identify {unknown}
 j - a scroll of blinking {unknown}
 m - a scroll of random uselessness {unknown}
Potions
 c - a potion of might {unknown}
 d - a potion of haste
 e - a potion of degeneration {unknown}
 f - a potion of lignification {unknown}
 h - a potion of invisibility {unknown}
 k - 3 potions of curing {unknown}
 l - a potion of flight {unknown}
Books
 n - a book of Cantrips

   Spells                             Type                      Level
   a - Confusing Touch                Hexes                        1
   b - Animate Skeleton               Necromancy                   1
   c - Summon Small Mammal            Summoning                    1
   d - Apportation                    Translocation                1
Comestibles
 b - 3 bread rations


   Skills:
 + Level 3.0 Fighting
 + Level 0.1 Armour
 + Level 2.7 Dodging
 - Level 1.0 Stealth
 * Level 4.0 Unarmed Combat


You had 3 spell levels left.
You didn't know any spells.

Dungeon Overview and Level Annotations

Branches:
Dungeon (3/15)

Altars:
Okawaru

Annotations:
D:3 Sigmund


Innate Abilities, Weirdness & Mutations

You are too large for most types of armour.
You have claws for hands.
Your metabolism is lightning-fast.
You like to eat raw meat.
Your natural rate of healing is unusually fast.
You are covered in fur. (AC +1)
You have very tough skin. (AC +2)


Message History

You miss something. Something hits you but does no damage.
You miss something. Something barely misses you.
You closely miss something. Something hits you.
You barely miss something. Something barely misses you.
You closely miss something. Something hits you.
You scratch something.
You hear some strange, mumbled words.
Something tries to affect you, but you resist.
You claw something! Something hits you.
You miss something.
You hear some strange, mumbled words.
A magic dart appears from out of thin air!
The magic dart hits you!
You barely miss something. Something hits you!
* * * LOW HITPOINT WARNING * * *
You miss something.
You hear some strange, mumbled words.
A magic dart appears from out of thin air!
The magic dart hits you!
You die...

...w. ##.............#.
..... #... ..##.##.#.
.....#### #...#.#.
........# +.#.#.##
........# #.#...##
........# #.##..#<
........# #.##..##
#.......############.###.##
........'{@..............##
........############.###(.#
.######## #.##....
###.##.#.# #.........
#......... #.........
#......... #.........


There were no monsters in sight!

Vanquished Creatures
  3 adders
  3 dart slugs
  3 orcs (D:3)
  2 ball pythons (D:2)
  3 giant cockroaches
  5 goblins
  A hobgoblin (D:2)
  2 quokkas (D:3)
  3 bats
  3 frilled lizards
  5 kobolds (D:2)
  5 rats
38 creatures vanquished.

Notes
Turn   | Place    | Note
-------+----------+-------------------------------------------
     0 | D:1      | Querens the Troll Monk began the quest for the Orb.
     0 | D:1      | Reached XP level 1. HP: 22/22 MP: 0/0
   271 | D:1      | Reached XP level 2. HP: 29/29 MP: 1/1
   815 | D:2      | Reached XP level 3. HP: 32/36 MP: 2/2
  1110 | D:3      | Reached skill level 4 in Unarmed Combat
  1202 | D:3      | Found an iron altar of Okawaru.
  1220 | D:3      | Became a worshipper of Warmaster Okawaru
  1220 | D:3      | Reached * piety under Okawaru
  1220 | D:3      | Reached ** piety under Okawaru
  1276 | D:3      | Noticed Sigmund
  1288 | D:3      | Reached XP level 4. HP: 45/45 MP: 1/3
  1301 | D:3      | Killed from afar by Sigmund

Skill      XL: |  1  2  3 |
---------------+----------+-----
Unarmed Combat | 4 |  4.0
Fighting       | 3 |  3.0
Armour         | |  0.1
Dodging        | |  2.7
Stealth        | |  1.0

Action                   |  1- 3 |  4- 6 || total
-------------------------+-------+-------++-------
Melee: Unarmed           |   100 |    12 ||   112
 Stab: Sleeping          |     2 |       ||     2
  Eat: Chunk             |    17 |       ||    17
Armor: Robe              |    39 |     1 ||    40
Dodge: Dodged            |    49 |     2 ||    51
